 Dungeon Crawl Stone Soup version 0.27-a0-277-g024f7ef292 (webtiles) character file.

Game seed: 15936377677811388159

391 Nattfarinn the Caller (level 6, -2/42 HPs)
             Began as a Barachi Summoner on Feb 6, 2021.
             Was a Follower of Cheibriados.
             Shot with an arrow by a centaur (5 damage)
             ... on level 5 of the Dungeon.
             The game lasted 00:16:05 (6806 turns).

Nattfarinn the Caller (Barachi Summoner)            Turns: 6806, Time: 00:16:06

Health: -2/42      AC:  8    Str: 12    XL:     6   Next: 80%
Magic:  13/13      EV: 13    Int: 19    God:    Cheibriados [*.....]
Gold:   297        SH:  0    Dex: 14    Spells: 5/15 levels left

rFire    . . .     SeeInvis .   b - +0 hand axe
rCold    . . .     Faith    .   (no shield)
rNeg     . . .     Spirit   .   a - +0 robe
rPois    .         Reflect  .   (no helmet)
rElec    .         Harm     .   i - scarf {shadows}
rCorr    .         Rampage  .   (no gloves)
Will     .....                  l - +1 pair of boots
Stlth    ++........             z - amulet of the acrobat
HPRegen  0.14/turn              n - +4 ring of protection
MPRegen  0.13/turn              (no ring)

@: very slow
A: +LOS, swims, slowness 1, strong legs 1
a: Hop, Renounce Religion, Bend Time


You were on level 5 of the Dungeon.
You worshipped Cheibriados.
Cheibriados was aware of your devotion.
You visited 2 branches of the dungeon, and saw 7 of its levels.

You collected 297 gold pieces.

Inventory:

Hand Weapons
 b - a +0 hand axe (weapon)
Missiles
 s - 21 poisoned darts (quivered)
Armour
 a - a +0 robe (worn)
 i - a scarf of shadows (worn)
 l - a +1 pair of boots (worn)
Jewellery
 n - a +4 ring of protection (left hand)
 z - an amulet of the acrobat (around neck)
Wands
 o - a wand of mindburst (9)
Scrolls
 e - 3 scrolls of teleportation {unknown}
 f - 8 scrolls of identify
 j - a scroll of blinking {unknown}
 k - a scroll of amnesia {unknown}
 m - 3 scrolls of fog {unknown}
 p - a scroll of remove curse
 r - a scroll of magic mapping {unknown}
 y - a scroll of noise {unknown}
Potions
 c - a potion of magic {unknown}
 d - 3 potions of heal wounds {unknown}
 g - 3 potions of flight {unknown}
 q - a potion of cancellation {unknown}
 t - a potion of degeneration {unknown}
 v - a potion of invisibility {unknown}
 w - a potion of brilliance {unknown}
 x - a potion of lignification {unknown}


   Skills:
 - Level 0.6 Fighting
 - Level 1.4 Armour
 - Level 2.4 Dodging
 - Level 1.7 Stealth
 * Level 5.2 Spellcasting
 - Level 7.1 Summonings


You had 5 spell levels left.
You knew the following spells:

 Your Spells              Type           Power        Failure   Level
a - Summon Small Mammal   Summ           100%         1%          1
b - Call Imp              Summ           31%          1%          2
c - Call Canine Familiar  Summ           31%          1%          3
d - Summon Ice Beast      Ice/Summ       18%          28%         4

Your spell library contained the following spells:

 Spells                   Type           Power        Failure   Level
 Summon Guardian Golem    Hex/Summ       18%          9%          3
 Summon Lightning Spire   Summ/Air       18%          28%         4


Dungeon Overview and Level Annotations

Branches:
Dungeon (6/15)             Temple (1/1) D:4

Altars:
Ashenzari
Cheibriados
Dithmenos
Elyvilon
Gozag
Hepliaklqana
Qazlal
Trog
Zin

Shops:
D:2 *   D:4 *


Innate Abilities, Weirdness & Mutations

You can be seen from farther away. (+LOS)
You can swim through water.
You cover ground slowly.
You can hop short distances.


Message History

The arrow completely misses you.
Throw: javelin
Press: ? - help, Q - select action, (/) - cycle Shift-Dir - straight line, f/p - centaur
Aim: a centaur, wielding a +0 shortbow and quivering arrows (severely wounded, fast, 69% to hit)
You throw a javelin.
The javelin pierces through the centaur.
The centaur is almost dead.
The centaur shoots an arrow.
The arrow hits you!
* * * LOW HITPOINT WARNING * * *
The centaur shoots an arrow.
The arrow closely misses you.
The centaur shoots an arrow.
The arrow hits you.
* * * LOW HITPOINT WARNING * * *
Throw: 22 darts (poison)
Press: ? - help, Q - select action, (/) - cycle Shift-Dir - straight line, f/p - centaur
Aim: a centaur, wielding a +0 shortbow and quivering arrows (almost dead, fast, 69% to hit)
You throw a poisoned dart. The poisoned dart hits the centaur.
The centaur is poisoned.
The centaur is almost dead.
The centaur shoots an arrow.
The arrow hits you.
You die...

........ #..(.. ....
........ #....( ...
........ #..... ...
........ #....c###'###
######## #...........#
#...... #...........#
#...... .#...........#
#...... .'......@....#
#......
#...........#+####......
#########'#.......#####.
#....#.......# #.
#....#.......# #.
#..<.'.......# #.
###..#.......# #.
#..##.....## #.
#...#.....# ###.


You could see a centaur (fast, poisoned).

Vanquished Creatures
  A hound skeleton (D:5)
  An adder (D:2)
  3 white imps (D:5)
  2 dart slugs
  2 orcs
  2 giant cockroaches
  4 goblins
  5 hobgoblins
  A jackal (D:4)
  A quokka (D:4)
  A ball python skeleton (D:4)
  3 frilled lizards
  6 rats
32 creatures vanquished.

Vanquished Creatures (collateral kills)
  A water moccasin (D:5)
  A scorpion (D:4)
  2 jellies (D:5)
  A bullfrog zombie (D:5)
  An orc priest (D:5)
  An orc wizard (D:5)
  2 worker ants (D:5)
  11 gnolls
  An adder (D:2)
  An ooze (D:1)
  A worm (D:2)
  A dart slug (D:1)
  An orc (D:5)
  2 bats
  5 giant cockroaches
  2 goblins
  5 hobgoblins
  A jackal (D:4)
  4 kobolds
  A ball python (D:1)
  3 frilled lizards (D:2)
  A rat (D:2)
49 creatures vanquished.

Grand Total: 81 creatures vanquished

Notes
Turn   | Place    | Note
-------+----------+-------------------------------------------
     0 | D:1      | Nattfarinn the Barachi Summoner began the quest for the
                  | Orb.
     0 | D:1      | Reached XP level 1. HP: 13/13 MP: 3/3
   342 | D:1      | Reached XP level 2. HP: 19/19 MP: 3/5
   375 | D:1      | Learned a level 2 spell: Call Imp
   433 | D:1      | Reached skill level 1 in Armour
   433 | D:1      | Reached skill level 5 in Summonings
  1360 | D:2      | Found Gozag's Platinum Reserve.
  1361 | D:2      | Found an opulent altar of Gozag.
  1419 | D:2      | Found a hazy altar of Hepliaklqana.
  1420 | D:2      | Found a shadowy altar of Dithmenos.
  1420 | D:2      | Noticed a shadow
  1551 | D:2      | Reached XP level 3. HP: 14/25 MP: 2/6
  2447 | D:2      | Found a glowing silver altar of Zin.
  2500 | D:2      | Reached skill level 6 in Summonings
  2500 | D:2      | Reached XP level 4. HP: 17/31 MP: 2/7
  3100 | D:2      | Learned a level 3 spell: Call Canine Familiar
  3373 | D:3      | Found a faded altar of an unknown god.
  3440 | D:3      | Found a snail-covered altar of Cheibriados.
  3441 | D:3      | You fall into a shaft and drop 3 floors!
  3447 | D:5      | Entered Level 5 of the Dungeon
  3447 | D:5      | Noticed a centaur
  3450 | D:5      | Found a bloodstained altar of Trog.
  3704 | D:3      | Became a worshipper of Cheibriados the Contemplative
  4653 | D:4      | Found Pasonat's Elemental Accessories.
  4846 | D:4      | Found a broken altar of Ashenzari.
  4993 | D:4      | Reached skill level 7 in Summonings
  4993 | D:4      | Reached XP level 5. HP: 36/36 MP: 1/8
  5191 | D:4      | Found a staircase to the Ecumenical Temple.
  5381 | D:5      | Found a stormy altar of Qazlal.
  5465 | D:5      | Reached XP level 6. HP: 23/42 MP: 5/11
  5533 | D:5      | Reached * piety under Cheibriados
  6123 | D:5      | Noticed a water moccasin
  6140 | D:5      | Killed a water moccasin
  6141 | D:5      | Reached skill level 5 in Spellcasting
  6463 | D:5      | Noticed a sky beast
  6477 | D:5      | Learned a level 4 spell: Summon Ice Beast
  6528 | D:5      | Noticed a nameless horror
  6742 | Temple   | Entered the Ecumenical Temple
  6806 | D:5      | Shot with an arrow by a centaur

Illustrated notes

Levels and vault maps discovered:
D:1:      lightli_arrival_noodles, layout_rooms
D:2:      layout_loops_ring, riverfiend_overflow_shadow_ancestor, zin_academy,
          dk_noncrumbling_4, nicolae_gozag_zags_fifth_avenue
D:3:      layout_rooms, old_standard_altar, chequers_ecumenical_altar_island
D:4:      layout_gridville, evilmike_ruin_ashenzari,
          minmay_temple_entry_statues, minmay_misc_feat_tiny,
          nicolae_elemental_shop
D:5:      layout_gridville, grunt_qazlal_clouds, nicolae_overflow_hidden_temple,
          minmay_fractal_squares_5
D:6:      layout_layer_cave, gammafunk_ghost_smash, uniq_pikel
Temple:   compressed_dpeg_triangle_lava_temple

Skill      XL: |  1  2  3  4  5  6 |
---------------+-------------------+-----
Armour         | 1 |  1.4
Summonings     | 5 6 7 |  7.1
Spellcasting   | 3 5 |  5.2
Fighting       | |  0.6
Dodging        | |  2.4
Stealth        | |  1.7

Action                   |  1- 3 |  4- 6 || total
-------------------------+-------+-------++-------
Melee: Unarmed           |    12 |       ||    12
       Hand axe          |    53 |   128 ||   181
Throw: Javelin           |       |     4 ||     4
       Dart              |       |     1 ||     1
 Cast: Summon Small Mamm |    17 |     1 ||    18
       Call Imp          |    24 |     9 ||    33
       Call Canine Famil |       |    14 ||    14
       Summon Ice Beast  |       |     1 ||     1
 Abil: Hop               |     1 |     1 ||     2
  Use: Scroll            |     2 |       ||     2
       Potion            |     1 |     3 ||     4
 Stab: Sleeping          |       |     3 ||     3
Armor: Robe              |    17 |    37 ||    54
Dodge: Dodged            |    64 |   128 ||   192

Table legend: (Time is in decaauts)
 A = Elapsed time spent in this place.
 B = Non-inter-level travel time spent in this place.
 C = Inter-level travel time spent in this place.
 D = Time resting spent in this place.
 E = Time spent auto-exploring this place.
 F = Levels seen in this place.
 G = Mean time per level.
                   A        B        C        D        E       F      G
               +--------+--------+--------+--------+--------+-----+--------+
         Total |   8044 |   7474 |    570 |   2571 |   3650 |   7 | 1149.1 |
       Dungeon |   8042 |   7472 |    570 |   2571 |   3650 |   6 | 1340.3 |
        Temple |      1 |      1 |      0 |      0 |      0 |   1 |    1.0 |
               +--------+--------+--------+--------+--------+-----+--------+

Top non-repeatable levels by time:
     D:2: 1940 daAuts
     D:4: 1836 daAuts
     D:5: 1563 daAuts
     D:1: 1440 daAuts
     D:3: 1244 daAuts
     D:6: 16 daAuts
  Temple: 1 daAuts
